 Dungeon Crawl Stone Soup version 0.28.0-53-g5a82cb258f (webtiles) character file.

Game seed: 9088471793596588935

48 dranuc9 the Conjurer (level 3, 0/19 HPs)
             Began as a Deep Elf Conjurer on July 10, 2022.
             Killed from afar by Natasha (8 damage)
             ... with a magic dart
             ... on level 2 of the Dungeon.
             The game lasted 00:08:20 (1481 turns).

dranuc9 the Conjurer (Deep Elf Conjurer)            Turns: 1481, Time: 00:08:20

Health: 0/19       AC:  2    Str:  4    XL:     3   Next: 50%
Magic:  9/9        EV: 12    Int: 24    God:
Gold:   26         SH:  0    Dex: 13    Spells: 5/8 levels left

rFire   . . .      SeeInvis .   (no weapon)
rCold   . . .      Faith    .   (no shield)
rNeg    . . .      Spirit   .   a - +0 robe
rPois   .          Reflect  .   (no helmet)
rElec   .          Harm     .   (no cloak)
rCorr   .          Rampage  .   (no gloves)
Will    .....                   (no boots)
Stlth   ++........              (no amulet)
HPRegen 0.06/turn               (no ring)
MPRegen 0.11/turn               (no ring)

@: slowed, very slow
A: no striking features
a: no special abilities


You were on level 2 of the Dungeon.
You visited 1 branch of the dungeon, and saw 2 of its levels.

You collected 26 gold pieces.

Inventory:

Armour
 a - a +0 robe (worn)
Scrolls
 b - a scroll of fog {unknown}
 c - 2 scrolls of identify {unknown}
 e - a scroll of teleportation {unknown}
Potions
 d - a potion of flight {unknown}
 f - a potion of haste
 g - a potion of brilliance {unknown}


   Skills:
 + Level 2.6 Dodging
 + Level 2.7 Stealth
 + Level 3.3 Spellcasting
 + Level 5.5 Conjurations


You had 5 spell levels left.
You knew the following spells:

 Your Spells              Type           Power      Damage    Failure   Level
a - Magic Dart            Conj           100%       1d8       1%          1
b - Searing Ray           Conj           60%        2d6       1%          2

Your spell library contained the following spells:

 Spells                   Type           Power      Damage    Failure   Level
 Dazzling Flash           Conj/Hex       34%        N/A       10%         3
 Beastly Appendage        Tmut           6%         N/A       11%         1
 Wereblood                Tmut           3%         N/A       16%         2
 Confusing Touch          Hex            3%         N/A       32%         3
 Spider Form              Tmut/Pois      3%         N/A       32%         3
 Fulminant Prism          Conj/Hex       8%         3d7       32%         4
 Iskenderun's Mystic Bla  Conj/Tloc      17%        2d5       32%         4
 Yara's Violent Unravell  Hex/Tmut       1%         3d3       96%         5
 Enfeeble                 Hex            1%         N/A       100%        7


Dungeon Overview and Level Annotations

Branches:
Dungeon (2/15)

Altars:

Shops:
D:2 ![(

Annotations:
D:2 Natasha


Message History

The magic dart hits the rat.
You kill the rat!
Found Xiesawn's Antique Weapon Boutique.
There is an entrance to Xiesawn's Antique Weapon Boutique here.
You open the door.
A rat comes into view.
There is an open door here.
A rat is nearby!
Casting: Magic Dart (safe; 1% risk of failure)
Confirm with . or Enter, or press ? or * to list all spells.
Aiming: Magic Dart (safe; 1% risk of failure)
Press: ? - help, Shift-Dir - straight line, f - rat
Aim: a rat (100% to hit)
The magic dart hits the rat.
You kill the rat!
g - a murky inky potion Natasha, Servant of Life and Death comes into view.
Found 6 gold pieces.
Natasha hisses angrily.
Natasha stares at you and mumbles some strange words.
The magic dart hits you!
A quokka comes into view.
Casting: Magic Dart (safe; 1% risk of failure)
Confirm with . or Enter, or press ? or * to list all spells.
Aiming: Magic Dart (safe; 1% risk of failure)
Press: ? - help, Shift-Dir - straight line, f - quokka
Aim: a quokka (wandering, hasn't noticed you, 100% to hit)
The magic dart hits the quokka.
The quokka is moderately wounded.
There is an open door here.
Natasha casts a spell at you. The magic dart hits you.
There is an entrance to Xiesawn's Antique Weapon Boutique here.
Natasha is nearby!
Natasha is nearby!
Natasha stares at you and mumbles some strange words.
You feel yourself slow down.
Natasha stares at you and mumbles some strange words.
The magic dart hits you!
You die...

..........# #.....##.####
..........# #.....##.#
..........# #.....##.#
..........# ##h#####.#
#.........# #....∩#.# #.#.#######
#####.#.######## #.#.#
#...........
#.#.##################.#.######..
................@...hr.#.########
#.#†##################.#.........
#.#.......# #.##########
#.#.......# #.# #.#.......# #.#
## #.#.......# #.. #. #.......<.#
#.. ## ###.......# #.#
..........#


You could see Natasha and a quokka.

Vanquished Creatures
  Natasha (D:2)
  5 ball pythons
  3 endoplasms
  2 giant cockroaches (D:1)
  A hobgoblin (D:2)
  2 jackals (D:1)
  2 kobolds
  A quokka (D:1)
  2 frilled lizards (D:1)
  5 rats
24 creatures vanquished.

Notes
Turn   | Place    | Note
-------+----------+-------------------------------------------
     0 | D:1      | dranuc9 the Deep Elf Conjurer began the quest for the Orb.
     0 | D:1      | Reached XP level 1. HP: 10/10 MP: 6/6
    36 | D:1      | Found a faded altar of an unknown god.
   214 | D:1      | Reached XP level 2. HP: 15/15 MP: 1/8
   279 | D:1      | Learned a level 2 spell: Searing Ray
   527 | D:1      | Reached skill level 5 in Conjurations
  1195 | D:2      | Noticed Natasha
  1201 | D:2      | Killed Natasha
  1202 | D:2      | Reached XP level 3. HP: 19/19 MP: 3/9
  1305 | D:2      | Found Uviutt's Distillery.
  1323 | D:2      | Found Xuelem's Armour Emporium.
  1403 | D:2      | Found Xiesawn's Antique Weapon Boutique.
  1464 | D:2      | Noticed Natasha
  1481 | D:2      | Killed from afar by Natasha

Illustrated notes

Levels and vault maps discovered:
D:1:      lemuel_arrival_river_bridge, layout_basic,
          shapermc_ecumenical_altar_acropolis
D:2:      layout_basic, serial_shops, nicolae_lakefront_shop, shop,
          nicolae_shop_temple_entry_statues_fountains, shop,
          nicolae_shop_waterfront, minmay_heptomino_h4, uniq_natasha,
          uniq_terence

Skill      XL: |  1  2 |
---------------+-------+-----
Conjurations   | 5 |  5.5
Dodging        | |  2.6
Stealth        | |  2.7
Spellcasting   | |  3.3

Action                   || total
-------------------------++-------
 Cast: Magic Dart        ||    44
       Searing Ray       ||     2
Dodge: Dodged            ||     2
